 Dungeon Crawl Stone Soup version 0.21.1-1-g345015f (webtiles) character file.

993 shakethe the Magician (level 7, -2/38 HPs)
             Began as a Deep Elf Fire Elementalist on Feb 8, 2018.
             Slain by a gnoll
             ... wielding a +0 quarterstaff
              (14 damage)
             ... on level 6 of the Dungeon.
             The game lasted 00:18:49 (4478 turns).

shakethe the Magician (Deep Elf Fire Elementalist)  Turns: 4478, Time: 00:18:50

Health: -2/38      AC:  2    Str:  5    XL:     7   Next: 98%
Magic:  26/37      EV: 14    Int: 22    God:
Gold:   264        SH:  0    Dex: 15    Spells: 6/19 levels left

rFire    . . .     SeeInvis .   d - +1 short sword (distort) {!w}
rCold    . . .     Gourm    .   (no shield)
rNeg     . . .     Faith    .   a - +0 robe
rPois    .         Spirit   .   (no helmet)
rElec    .         Reflect  .   (no cloak)
rCorr    .         Harm     +   (no gloves)
MR       .....                  (no boots)
Stlth    ++........             m - amulet of harm
HPRegen  0.12/turn              f - ring of magical power {MP+9}
MPRegen  0.25/turn              k - ring of magical power {MP+9}

@: no status effects
A: no striking features
a: no special abilities


You were on level 6 of the Dungeon.
You were near starving.

You visited 1 branch of the dungeon, and saw 6 of its levels.

You collected 264 gold pieces.

Inventory:

Hand Weapons
 d - a +1 short sword of distortion (weapon) {!w}
   (You took it off a kobold on level 1 of the Dungeon)
 e - a +0 club
   (You took it off a hobgoblin on level 1 of the Dungeon)
Armour
 a - a +0 robe (worn)
Magical Staves
 D - an uncursed staff of earth {unknown}
   (You found it on level 6 of the Dungeon)
Jewellery
 f - a ring of magical power (left hand) {MP+9}
   (You took it off a goblin on level 1 of the Dungeon)
 k - a ring of magical power (right hand) {MP+9}
   (You found it on level 2 of the Dungeon)
 m - an amulet of harm (around neck)
   (You found it on level 3 of the Dungeon)
 n - an uncursed ring of resist corrosion
   (You took it off a goblin on level 2 of the Dungeon)
 C - an uncursed ring of flight {unknown}
   (You found it on level 5 of the Dungeon)
Wands
 u - a wand of polymorph (8)
   (You took it off Ijyb on level 3 of the Dungeon)
Scrolls
 g - 2 scrolls of amnesia {unknown}
 h - 4 scrolls of identify {unknown}
 i - 2 scrolls of magic mapping {unknown}
 j - 2 scrolls of teleportation {unknown}
 q - 2 scrolls of remove curse {unknown}
 w - a scroll of fear {unknown}
 x - a scroll of enchant weapon {unknown}
 y - a scroll of blinking {unknown}
 A - a scroll of immolation {unknown}
Potions
 l - a potion of heal wounds {unknown}
 o - a potion of mutation {unknown}
 p - 2 potions of brilliance {unknown}
 r - a potion of lignification {unknown}
 s - a potion of ambrosia {unknown}
 t - a potion of invisibility {unknown}
 v - a potion of agility
 z - 2 potions of curing {unknown}
 B - 2 potions of magic {unknown}
Books
 b - a book of Flames
Comestibles
 c - 7 rations


   Skills:
 + Level 1.5 Fighting
 - Level 1.4 Short Blades
 + Level 3.6 Dodging
 - Level 2.4 Stealth
 + Level 6.8 Spellcasting
 + Level 5.1 Conjurations
 + Level 6.5 Fire Magic


You had 6 spell levels left.
You knew the following spells:

 Your Spells              Type           Power        Failure   Level  Hunger
a - Flame Tongue          Conj/Fire      ####.        1%          1    None
c - Conjure Flame         Conj/Fire      ####....     2%          3    #......
f - Fireball              Conj/Fire      ####......   21%         5    #####..
s - Sticky Flame          Conj/Fire      ####....     8%          4    ###....


Dungeon Overview and Level Annotations

Branches:
Dungeon (6/15)
 Temple: D:4-7

Altars:
Sif Muna
Wu Jian
Yredelemnul
Zin
The Shining One


Message History

The bullfrog burns!
You kill the bullfrog!
Your Conjurations skill increases to level 5!
Aim: a hound The sticky flame hits the hound.
The hound is covered in liquid flames!
The hound burns!
The hound closely misses you. The hound barely misses you.
You now have 26/36 mp.
The hound burns!
You kill the hound!
You hear a distant blaring wail to the north.
An orc and an orc priest come into view.
The orc priest is wielding an antimagic hand axe.
A hound comes into view.
The orc priest looks braver for a moment.
An orc priest comes into view. It is wielding a whip.
Unknown command.
You can't see any susceptible monsters within range! (Use Z to cast anyway.)
The orc priest shouts!
The orc shouts!
You hear a shout!
Aim: an orc priest, wielding an antimagic hand axe The flame tongue hits the orc priest.
You now have 27/37 mp.
Aim: an orc priest, wielding an antimagic hand axe (almost dead)
The flame tongue hits the orc priest.
You kill the orc priest!
Aim: an orc, wearing a leather armour The flame tongue hits the orc.
You kill the orc!
You now have 26/37 mp.
The hound bites you.
You take 4 damage, and have 28/38 hp.
Aim: a hound The sticky flame hits the hound.
The hound is covered in liquid flames!
The hound burns!
The hound closely misses you.
A centaur comes into view.
You now have 23/37 mp.
Aim: a hound (almost dead, covered in liquid flames)
Okay, then.
The hound burns!
You kill the hound!
There is an escape hatch in the ceiling here.
The orc priest calls down the wrath of Beogh upon you.
Beogh smites you!
The centaur shouts!
A mysterious force pulls you upwards. The hatch slams shut behind you.
You take 11 damage, and have 17/38 hp.
MASSIVE DAMAGE!!
You start resting.
You are feeling very hungry.
You regained 2 mp, and now have 26/37 mp.
You start resting.
Health restored: 38; MP restored: 37 You see here a club.
You are near starving!
There is a stone staircase leading down here.
You climb downwards.
There is a stone staircase leading up here.
There is an open door here.
You open the door.
There is an open door here.
You open the door.
There is an open door here.
A gnoll comes into view. It is wielding a flail.
You see here a curved glowing staff.
An adder comes into view.
The adder moves out of view.
Aim: an orc priest, wielding a long sword and wearing a leather armour The sticky flame hits the orc priest.
The orc priest is covered in liquid flames!
The gnoll shouts!
The orc priest burns!
You kill the orc priest!
You now have 33/37 mp.
A gnoll comes into view. It is wielding a quarterstaff.
You see here a curved glowing staff.
The gnoll shouts!
Aim: a gnoll, wielding a flail The flame tongue misses the gnoll.
You now have 33/37 mp.
Aim: a gnoll, wielding a flail The flame tongue hits the gnoll.
The gnoll misses you.
You now have 32/37 mp.
Aim: a gnoll, wielding a flail (severely wounded)
The flame tongue misses the gnoll.
You now have 31/37 mp.
Aim: a gnoll, wielding a flail (severely wounded)
The flame tongue hits the gnoll.
The gnoll hits you with a flail.
You take 6 damage, and have 32/38 hp.
Aim: a gnoll, wielding a flail (severely wounded)
The flame tongue hits the gnoll.
The adder hisses angrily.
The gnoll closely misses you. The gnoll hits you with a quarterstaff!
You take 9 damage, and have 23/38 hp.
MASSIVE DAMAGE!!
You now have 30/37 mp.
Aim: a gnoll, wielding a quarterstaff The sticky flame hits the gnoll.
The gnoll is covered in liquid flames!
You hear a shout!
The gnoll burns!
The gnoll hits you with a flail! The gnoll hits you with a quarterstaff!
You die...

.......' ......####.
####..........
.)#.S........ .'..........
#........ #
#########.%#..))[# ..
..#.....#..#?....# ...
..#.....#..#..|.@# ....
..#.....#..#...gg####.....
..'.....#..#....รท........#
..#.....#...........g....#
..#.....#....<.......c...+
###.....#................#
...######........####.....
...#...#.........# .....
...#...#.........# ....


You could see 2 gnolls and an adder.

Vanquished Creatures
  A bullfrog (D:6)
  The ghost of adept the Shield-Bearer, a weakling DDFi (D:3)
  A howler monkey (D:5)
  A crimson imp (D:5)
  2 jellies
  4 orc priests
  4 hounds
  3 orc wizards
  Ijyb (D:3)
  3 worker ants
  A gnoll (D:1)
  9 adders
  2 shadow imps
  5 oozes
  An adder zombie (D:5)
  2 adder skeletons
  3 worms
  4 dart slugs
  5 leopard geckos
  25 orcs
  8 giant cockroaches
  14 hobgoblins
  6 jackals
  3 quokkas
  3 ball pythons
  6 bats
  9 frilled lizards
  13 goblins
  11 kobolds
  6 rats
157 creatures vanquished.

Vanquished Creatures (others)
  An orc priest (D:2)
1 creature vanquished.

Grand Total: 158 creatures vanquished

Notes
Turn   | Place    | Note
-------+----------+-------------------------------------------
     0 | D:1      | shakethe the Deep Elf Fire Elementalist began the quest for the Orb.
     0 | D:1      | Reached XP level 1. HP: 10/10 MP: 6/6
    79 | D:1      | Reached XP level 2. HP: 9/15 MP: 5/8
   391 | D:1      | Reached XP level 3. HP: 19/19 MP: 5/9
   583 | D:1      | Reached skill level 4 in Fire Magic
   620 | D:1      | Reached skill level 1 in Short Blades
   811 | D:2      | Learned a level 3 spell: Conjure Flame
   843 | D:2      | Reached skill level 2 in Conjurations
   845 | D:2      | HP: 2/19 [goblin/stone (4)]
  1162 | D:2      | Reached XP level 4. HP: 24/24 MP: 11/11
  1474 | D:2      | Learned a level 4 spell: Sticky Flame
  1654 | D:2      | Reached skill level 4 in Spellcasting
  1888 | D:2      | Reached XP level 5. HP: 28/28 MP: 13/13
  2256 | D:3      | Reached skill level 3 in Conjurations
  2441 | D:3      | Noticed adept's ghost (weakling DDFi)
  2452 | D:3      | Killed adept's ghost
  2452 | D:3      | Reached skill level 5 in Fire Magic
  2622 | D:3      | Noticed Ijyb
  2643 | D:3      | Killed Ijyb
  2643 | D:3      | Reached skill level 5 in Spellcasting
  2643 | D:3      | Reached XP level 6. HP: 32/32 MP: 15/15
  2695 | D:3      | Learned a level 5 spell: Fireball
  2718 | D:3      | Found a basalt altar of Yredelemnul.
  2718 | D:3      | Found a deep blue altar of Sif Muna.
  2892 | D:3      | Found an ornate altar of the Wu Jian Council.
  3254 | D:4      | Reached skill level 4 in Conjurations
  3399 | D:4      | Reached skill level 6 in Spellcasting
  3399 | D:4      | Reached XP level 7. HP: 30/36 MP: 18/18
  3499 | D:4      | Found a glowing golden altar of the Shining One.
  3499 | D:4      | Found a glowing silver altar of Zin.
  3529 | D:4      | Found a glowing golden altar of the Shining One.
  3546 | D:4      | Reached skill level 6 in Fire Magic
  3629 | D:5      | Entered Level 5 of the Dungeon
  3915 | D:5      | Reached skill level 3 in Dodging
  4134 | D:6      | Reached skill level 1 in Fighting
  4227 | D:6      | Reached skill level 5 in Conjurations
  4478 | D:6      | Slain by a gnoll

Skill      XL: |  1  2  3  4  5  6  7 |
---------------+----------------------+-----
Fire Magic     | 4 5 6 |  6.5
Short Blades   | 1 |  1.4
Conjurations   | 2 3 4 5 |  5.1
Spellcasting   | 4 5 6 |  6.8
Dodging        | 3 |  3.6
Fighting       | 1 |  1.5
Stealth        | |  2.4

Action                   |  1- 3 |  4- 6 |  7- 9 || total
-------------------------+-------+-------+-------++-------
Melee: Short sword       |    12 |     5 |    12 ||    29
       Unarmed           |       |    10 |       ||    10
 Cast: Flame Tongue      |    60 |   162 |    44 ||   266
       Conjure Flame     |     4 |     2 |       ||     6
       Sticky Flame      |       |     2 |     9 ||    11
 Stab: Sleeping          |     1 |       |       ||     1
       Confused          |       |     2 |       ||     2
  Eat: Ration            |       |     1 |       ||     1
       Chunk             |       |     4 |     3 ||     7
Armor: Robe              |     2 |    10 |     3 ||    15
       Skin              |       |     1 |       ||     1
Dodge: Dodged            |    16 |    43 |    17 ||    76

Vault maps used:
D:1:      minmay_arrival_hallway, minmay_misc_feat_enclosed
D:2:      hangedman_decor_growths
D:3:      cheibrodos_helix_gallery, nicolae_overflow_crystal_walls,
          gammafunk_temple_overflow_elements, first_ration, minmay_vboxes,
          uniq_ijyb
D:4:      gammafunk_temple_overflow_wave, serial_park_tiny_1, tso_altar
D:6:      grunt_temple_overflow_champion_of_chaos, grunt_ministairs_5

Table legend:
 A = Turns spent in this place as a percentage of turns spent in the entire game.
 B = Non-inter-level travel turns spent in this place as a percentage of non-inter-level travel turns spent in the entire game.
 C = Inter-level travel turns spent in this place as a percentage of turns spent in this place.
 D = Turns resting spent in this place as a percentage of non-inter-level travel turns spent in this place.
 E = Turns spent auto-exploring this place as a percentage of non-inter-level travel turns spent in this place.
 F = Non-inter-level travel turns spent in this place divided by the number of levels of this place that you've seen.
                   A       B       C       D       E      F
               +-------+-------+-------+-------+-------+----------------------
         Total | 100.0 | 100.0 |   2.0 |  31.7 |  42.6 | 731.3
       Dungeon | 100.0 | 100.0 |   2.0 |  31.7 |  42.6 | 731.3
               +-------+-------+-------+-------+-------+----------------------

Table legend:
 A = Kills in this place as a percentage of kills in entire the game.
 B = Kills by you in this place as a percentage of kills by you in the entire game.
 C = Kills by friends in this place as a percentage of kills by friends in the entire game.
 D = Other kills in this place as a percentage of other kills in the entire game.
 E = Experience gained in this place as a percentage of experience gained in the entire game.
 F = Experience gained in this place divided by the number of levels of this place that you have seen.
                   A       B       C       D       E      F
               +-------+-------+-------+-------+-------+----------------------
         Total | 100.0 | 100.0 |   N/A | 100.0 | 100.0 | 236.5
       Dungeon | 100.0 | 100.0 |   N/A | 100.0 | 100.0 | 236.5
               +-------+-------+-------+-------+-------+----------------------
